 Dungeon Crawl Stone Soup version 0.29-a0-317-gd16b76e6b1 (webtiles) character file.

Game seed: 16353334854968422230

14826 Leszczynek the Cleaver (level 12, -1/94 HPs)
             Began as a Human Gladiator on Mar 30, 2022.
             Was a High Priest of Okawaru.
             Slain by a cyan ugly thing (17 damage)
             ... on level 13 of the Dungeon on Mar 31, 2022.
             The game lasted 00:58:56 (6016 turns).

Leszczynek the Cleaver (Human Gladiator)            Turns: 6016, Time: 00:58:57

Health: -1/94      AC: 19    Str: 19    XL:     12   Next: 50%
Magic:  26/27      EV: 14    Int:  8    God:    Okawaru [*****.]
Gold:   1899       SH:  7    Dex: 16    Spells: 11/11 levels left

rFire   + . .      SeeInvis +   a - +0 broad axe
rCold   . . .      Faith    .   E - +0 buckler
rNeg    . . .      Spirit   .   d - +4 scale mail {rF+}
rPois   .          Reflect  .   n - +1 helmet {SInv}
rElec   .          Harm     .   F - +0 cloak
rCorr   .          Rampage  .   k - +0 pair of gloves
Will    .....                   g - +1 pair of boots {Fly}
Stlth   ++........              r - amulet of regeneration
HPRegen 1.05/turn               O - ring of magical power
MPRegen 0.20/turn               (no ring)

@: heroic, flying
A: no striking features
a: Renounce Religion, Heroism, Finesse, Duel


You were on level 13 of the Dungeon.
You worshipped Okawaru.
Okawaru was extremely pleased with you.
You visited 3 branches of the dungeon, and saw 14 of its levels.
You also visited: Bailey.

You collected 1899 gold pieces.

Inventory:

Hand Weapons
 a - a +0 broad axe (weapon)
 z - a +0 scimitar
 C - a +0 eveningstar of protection
Missiles
 e - 19 javelins (quivered)
 f - 6 silver javelins {god gift}
 q - 6 datura-tipped darts
 t - 5 curare-tipped darts {god gift}
 A - 3 atropa-tipped darts {god gift}
 D - 21 poisoned darts
 G - 21 boomerangs
 H - 2 silver boomerangs
Armour
 d - a +4 scale mail of fire resistance (worn)
 g - a +1 pair of boots of flying (worn)
 k - a +0 pair of gloves (worn)
 n - a +1 helmet of see invisible (worn)
 x - the +1 tower shield of the Other World {god gift, SInv}
   (Okawaru gifted it to you on level 2 of the Orcish Mines)

   SInv:      It lets you see invisible.
 y - a scarf of repulsion
 E - a +0 buckler (worn)
 F - a +0 cloak (worn)
Jewellery
 r - an amulet of regeneration (around neck)
 O - a ring of magical power (left hand)
Wands
 b - a wand of iceblast (13)
 I - a wand of mindburst (5)
 P - a wand of polymorph (5)
Scrolls
 c - 2 scrolls of fear {unknown}
 h - 2 scrolls of enchant armour {unknown}
 i - a scroll of silence {unknown}
 l - a scroll of brand weapon {unknown}
 o - a scroll of fog
 p - a scroll of magic mapping {unknown}
 w - 3 scrolls of immolation {!r}
 B - 4 scrolls of teleportation
 M - a scroll of vulnerability {!r}
Potions
 j - a potion of brilliance
 m - 2 potions of might
 u - 6 potions of flight
 v - 2 potions of haste
 K - a potion of ambrosia {unknown}
 N - a potion of degeneration {unknown}


   Skills:
 * Level 8.5(13.5) Fighting
 * Level 12.0(17.0) Axes
 + Level 7.6(12.6) Throwing
 + Level 3.3(8.3) Armour
 - Level 5.3(10.3) Dodging
 - Level 5.0(10.0) Shields
 + Level 9.0 Invocations


You had 11 spell levels left.
You didn't know any spells.
Your spell library contained the following spells:

 Spells                   Type           Power      Damage    Failure   Level
 Portal Projectile        Hex/Tloc       0%         N/A       99%         3
 Leda's Liquefaction      Hex/Erth       0%         N/A       100%        4
 Borgnjor's Revivificati  Necr           0%         N/A       100%        8
 Necromutation            Tmut/Necr      0%         N/A       100%        8
 Death's Door             Necr           0%         N/A       100%        9
 Call Canine Familiar     Summ           Unusable   N/A       N/A         3

Dungeon Overview and Level Annotations

Branches:
Dungeon (13/15)            Temple (1/1) D:4            Lair (0/6) D:8
    Orc (2/2) D:12            Elf (0/3) Orc:2        Bailey (visited)
 Vaults: D:13-14

Altars:
Ashenzari
Cheibriados
Elyvilon
Fedhas
Gozag
Hepliaklqana
Kikubaaqudgha
Makhleb
Nemelex Xobeh
Okawaru
Qazlal
Ru
Sif Muna
Trog
Uskayaw
Wu Jian
Xom
Zin
Beogh

Shops:
Orc:2 :([(

Annotations:
D:2 Natasha
D:4 Menkaure
D:11 Fannar
D:12 exclusion: water nymph
Orc:2 Jorgrun


Message History

The javelin closely misses the acid dragon.
A cyan ugly thing comes into view.
Throw: 20 javelins
Press: ? - help, Q - select action, (/) - cycle Shift-Dir - straight line, f/p - acid dragon
Aim: an acid dragon (severely wounded, 67% to hit)
You throw a javelin. The cyan ugly thing gurgles horribly!
The javelin pierces through the white ugly thing!
The white ugly thing is lightly wounded.
The javelin pierces through the acid dragon but does no damage.
The acid dragon is severely wounded.
The white ugly thing gores you! The white ugly thing freezes you!!
You gain the combat prowess of a mighty hero.
The white ugly thing gores you but does no damage.
You hit the white ugly thing but do no damage.
The white ugly thing is lightly wounded.
You block the white ugly thing's attack.
You hit the white ugly thing but do no damage.
The white ugly thing is lightly wounded.
You slice the white ugly thing!!
The white ugly thing is heavily wounded.
The white ugly thing closely misses you.
You slash the white ugly thing!
The white ugly thing is severely wounded.
The white ugly thing gores you but does no damage.
Unknown command.
You barely miss the cyan ugly thing.
You hit the white ugly thing but do no damage.
The cyan ugly thing headbutts you but does no damage.
The white ugly thing gores you but does no damage.
You slash the cyan ugly thing!
The cyan ugly thing is lightly wounded.
You closely miss the white ugly thing. You block the cyan ugly thing's attack.
You hit the cyan ugly thing.
The cyan ugly thing is moderately wounded.
You slash the white ugly thing! The white ugly thing gores you.
The white ugly thing freezes you!! The cyan ugly thing headbutts you!
* * * LOW HITPOINT WARNING * * *
The cyan ugly thing shocks you!
You die...

#..... #.....# #.....#
#.....# #.....######..
## # #............####.#
#.#.
#.........####.#..#...#.
#.....u####.#...#...#.#.
#......@uD...(#..[# u.
#......####.#(..#...# #.
#.........####.#..#.u.#.
#........<...####.# #.#.
#.#####.........#### #.
#. #............####. .
#...########...... .
#...#......#......
#...'......#......


You could see 2 ugly things and an acid dragon.

Vanquished Creatures
  Nessos (Orc:2)
  2 two-headed ogres (D:12)
  Urug (D:12)
  An orc high priest (Orc:1)
  2 orc knights (Orc:2)
  An orc sorcerer (Orc:1)
  An ugly thing (D:12)
  2 manticores
  A cyclops (D:12)
  Maurice (Orc:1)
  A tengu conjurer (D:10)
  8 trolls
  A wraith (D:11)
  A yak (D:11)
  3 wargs
  An acid dragon (D:11)
  32 orc warriors
  2 ogres (D:12)
  A phantom (D:4)
  13 centaurs
  A kobold brigand (D:9)
  2 bullfrogs
  A necrophage (D:3)
  2 gnoll sergeants
  2 two-headed ogre simulacra (D:11)
  A wight (D:7)
  A killer bee (D:10)
  3 howler monkeys
  A hound (D:4)
  A jelly (D:8)
  9 orc priests
  A gnoll shaman (D:7)
  2 iguanas
  Ijyb (D:3)
  11 orc wizards
  2 troll simulacra (D:11)
  Robin (D:2)
  11 gnolls
  An adder (D:2)
  A worm (D:4)
  2 dart slugs (D:1)
  42 orcs
  4 bats
  6 endoplasms
  3 giant cockroaches
  32 goblins
  7 hobgoblins
  3 jackals (D:3)
  A quokka (D:3)
  5 ball pythons
  A frilled lizard (D:2)
  18 kobolds
  2 rats
257 creatures vanquished.

Vanquished Creatures (others)
  An orc wizard (D:11)
  An orc (D:11)
  7 plants (D:11)
9 creatures vanquished.

Grand Total: 266 creatures vanquished

Notes
Turn   | Place    | Note
-------+----------+-------------------------------------------
     0 | D:1      | Leszczynek the Human Gladiator began the quest for the Orb.
     0 | D:1      | Reached XP level 1. HP: 16/16 MP: 1/1
   165 | D:1      | Reached XP level 2. HP: 7/22 MP: 2/2
   307 | D:2      | Upgraded the game from 0.29-a0-315-gaf6dd05e2f to
                  | 0.29-a0-317-gd16b76e6b1
   347 | D:2      | Reached XP level 3. HP: 15/28 MP: 3/3
   502 | D:3      | Found a hazy altar of Hepliaklqana.
   572 | D:3      | Found a stormy altar of Qazlal.
   638 | D:4      | Noticed Menkaure
   699 | D:2      | Noticed Robin
   747 | D:2      | Killed Robin
   753 | D:2      | Reached XP level 4. HP: 22/34 MP: 4/4
   769 | D:2      | Noticed Natasha
  1016 | D:3      | Reached skill level 3 in Fighting
  1067 | D:2      | Reached XP level 5. HP: 26/41 MP: 5/5
  1219 | D:3      | regen amulet
  1257 | D:3      | Reached skill level 4 in Axes
  1269 | D:3      | Noticed Ijyb
  1296 | D:3      | Noticed a centaur
  1304 | D:3      | Killed a centaur
  1305 | D:3      | Reached XP level 6. HP: 42/47 MP: 6/6
  1311 | D:3      | Killed Ijyb
  1312 | D:3      | Reached skill level 3 in Throwing
  1411 | D:4      | Noticed an ogre
  1462 | D:3      | Reached skill level 4 in Fighting
  1480 | D:3      | Found a snail-covered altar of Cheibriados.
  1655 | D:4      | Reached skill level 5 in Axes
  1655 | D:4      | Reached skill level 4 in Dodging
  1655 | D:4      | Reached XP level 7. HP: 53/55 MP: 7/7
  1750 | D:4      | Found a staircase to the Ecumenical Temple.
  1757 | Temple   | Entered the Ecumenical Temple
  1814 | Temple   | Became a worshipper of Warmaster Okawaru
  2018 | D:4      | You fall into a shaft and drop 3 floors!
  2099 | D:8      | Noticed a two-headed ogre
  2122 | D:7      | Found an ancient bone altar of Kikubaaqudgha.
  2325 | D:8      | Reached skill level 5 in Fighting
  2325 | D:8      | Reached XP level 8. HP: 62/62 MP: 8/8
  2340 | D:8      | Reached * piety under Okawaru
  2358 | D:8      | Found a staircase to the Lair.
  2418 | D:8      | Identified the +7 leather armour of the Hanged Man {*Slow
                  | rN++ Int+3 SInv}
  2419 | D:8      | huh
  2563 | D:7      | Reached skill level 1 in Shields
  2578 | D:7      | Reached skill level 4 in Throwing
  2597 | D:7      | Noticed a manticore
  2612 | D:7      | Killed a manticore
  2613 | D:7      | Reached skill level 6 in Axes
  2613 | D:7      | Reached skill level 3 in Shields
  2743 | D:9      | Found an opulent altar of Gozag.
  2762 | D:9      | Reached ** piety under Okawaru
  2809 | D:9      | Reached XP level 9. HP: 63/69 MP: 9/9
  2823 | D:9      | Found a flagged portal.
  2828 | Bailey   | Entered a bailey
  2889 | Bailey   | Reached skill level 7 in Axes
  2916 | Bailey   | Reached skill level 6 in Fighting
  2916 | Bailey   | Reached skill level 4 in Shields
  2916 | Bailey   | Reached skill level 1 in Invocations
  3074 | Bailey   | Reached skill level 2 in Invocations
  3085 | Bailey   | HP: 13/69 [orc warrior/+0 broad axe (16)]
  3098 | Bailey   | Reached skill level 3 in Invocations
  3358 | D:9      | Noticed a troll
  3371 | D:9      | Killed a troll
  3411 | D:9      | Reached *** piety under Okawaru
  3418 | D:10     | Entered Level 10 of the Dungeon
  3467 | D:10     | Reached skill level 8 in Axes
  3499 | D:10     | Found a burning altar of Makhleb.
  3533 | D:10     | Noticed a troll
  3547 | D:10     | Killed a troll
  3547 | D:10     | Received a gift from Okawaru
  3548 | D:10     | Reached skill level 4 in Invocations
  3548 | D:10     | Reached XP level 10. HP: 38/77 MP: 10/13
  3574 | D:10     | Reached skill level 7 in Fighting
  3750 | D:11     | Noticed Fannar
  3769 | D:11     | Ouch! That really hurt!
  3774 | D:11     | HP: 13/79 [ice beast[Fannar] (5)]
  3841 | D:11     | Reached skill level 5 in Dodging
  3856 | D:10     | one bee
  3856 | D:10     | from full hp to ~15, with regen
  3856 | D:10     | HP: 15/79 [poisoned by a killer bee]
  3861 | D:10     | HP: 13/79 [poisoned by a killer bee]
  3936 | D:10     | Received a gift from Okawaru
  3937 | D:10     | Reached skill level 5 in Shields
  3973 | D:11     | Reached skill level 5 in Invocations
  4096 | D:10     | Reached **** piety under Okawaru
  4097 | D:10     | Reached skill level 1 in Armour
  4112 | D:11     | Found a frozen archway.
  4136 | D:11     | Found a broken altar of Ashenzari.
  4242 | D:11     | yeah no wonder flat 4d10 can hurt
  4462 | D:12     | Noticed a two-headed ogre
  4475 | D:12     | Killed a two-headed ogre
  4476 | D:12     | Reached skill level 9 in Axes
  4476 | D:12     | Reached skill level 5 in Throwing
  4525 | D:12     | Noticed a cyclops
  4532 | D:12     | Killed a cyclops
  4533 | D:12     | Reached skill level 2 in Armour
  4533 | D:12     | Reached skill level 6 in Invocations
  4534 | D:12     | Noticed a water nymph
  4536 | D:12     | uhhhhh
  4607 | D:12     | Noticed a two-headed ogre
  4614 | D:12     | Killed a two-headed ogre
  4614 | D:12     | Received a gift from Okawaru
  4615 | D:12     | Reached XP level 11. HP: 86/86 MP: 15/15
  4620 | D:12     | Noticed a cyan ugly thing
  4630 | D:12     | Killed a cyan ugly thing
  4630 | D:12     | Reached ***** piety under Okawaru
  4640 | D:12     | Found a staircase to the Orcish Mines.
  4662 | D:12     | Reached skill level 8 in Fighting
  4684 | Orc:1    | Entered Level 1 of the Orcish Mines
  4684 | Orc:1    | Noticed Urug
  4726 | D:12     | HP: 21/129 [Urug/+0 eveningstar of protection (25)]
  4727 | D:12     | Killed Urug
  4728 | D:12     | Reached skill level 10 in Axes
  4728 | D:12     | Reached skill level 7 in Invocations
  4728 | D:12     | HP: 2/86 [ogre/+0 giant spiked club (13)]
  4781 | Orc:1    | Noticed Maurice
  4791 | Orc:1    | Killed Maurice
  4792 | Orc:1    | Reached skill level 6 in Throwing
  4804 | Orc:1    | Received a gift from Okawaru
  4864 | Orc:1    | Noticed an orc sorcerer
  4886 | Orc:1    | Killed an orc sorcerer
  4934 | Orc:1    | Noticed an orc high priest
  4951 | Orc:1    | Noticed a sun demon
  4954 | Orc:1    | Killed an orc high priest
  5045 | Orc:2    | Entered Level 2 of the Orcish Mines
  5094 | Orc:2    | Found a staircase to the Elven Halls.
  5107 | Orc:2    | Received a gift from Okawaru
  5108 | Orc:2    | Reached skill level 8 in Invocations
  5111 | Orc:2    | Noticed Nessos
  5114 | Orc:2    | nice useless fog
  5119 | Orc:2    | wow this is retarded
  5120 | Orc:2    | oh, so he can still blink out and shoot me because why not
  5125 | Orc:2    | HP: 12/129 [Nessos/arrow (20)]
  5128 | Orc:2    | Killed Nessos
  5128 | Orc:2    | Received a gift from Okawaru
  5129 | Orc:2    | Reached skill level 11 in Axes
  5129 | Orc:2    | EVEN WITH HASTE
  5129 | Orc:2    | he can STILL blink out AND shoot
  5129 | Orc:2    | fucking bullshit
  5142 | Orc:2    | though at least it's a use for !attr
  5143 | Orc:2    | not the best use, but still it wastes some of his action
  5143 | Orc:2    | *actions
  5280 | Orc:2    | Reached XP level 12. HP: 83/92 MP: 18/18
  5289 | Orc:2    | Reached skill level 7 in Throwing
  5306 | Orc:2    | Received a gift from Okawaru
  5462 | Orc:2    | Identified the +1 tower shield of the Other World {god
                  | gift, SInv} (Okawaru gifted it to you on level 2 of the
                  | Orcish Mines)
  5462 | Orc:2    | Received a gift from Okawaru
  5539 | Orc:2    | boy i love crossbow vault
  5657 | Orc:2    | Reached skill level 3 in Armour
  5698 | Orc:2    | i don't get it
  5698 | Orc:2    | boomerangs have 6 base damage
  5698 | Orc:2    | i have 7.5 throwing
  5698 | Orc:2    | but they seem to kill as fast as a broad axe (13 base
                  | damage) with 11 in axes
  5706 | Orc:2    | sometimes even faster
  5711 | Orc:2    | Found Purph's Armour Shop.
  5711 | Orc:2    | Found Mug Arri's Antique Weapon Emporium.
  5713 | Orc:2    | Found Gupp's Book Shoppe.
  5724 | Orc:2    | Found Kuaxzasir's Antique Weapon Boutique.
  5738 | Orc:2    | wow it's all shit
  5742 | Orc:2    | Noticed Jorgrun
  5743 | Orc:2    | uhh
  5855 | Orc:2    | Reached skill level 12 in Axes
  5856 | Orc:2    | fuck off
  5925 | D:13     | Reached skill level 9 in Invocations
  6016 | D:13     | HP: 16/94 [cyan ugly thing (10)]
  6016 | D:13     | Slain by a cyan ugly thing

Illustrated notes #.. #≈≈ #... ####≈≈ #...##########...≈≈########## #............#...≈≈.......... ............#...≈≈.......### +##.....##'##.)≈≈.#.#...... #..)..#...#..≈≈.#...#.##. #..†..#...#..≈≈.#.#.#.##. #.....#.@.#..≈≈.#...†.... #.....##'##$.≈≈.#.#.#.##. #.....#...)..≈≈.#>....... . #..)..#..†..≈≈≈.###.#.##. ≈≈ #.....#≈≈≈≈≈≈≈#.###.#.#.. ≈≈≈##'''##≈≈≈≈≈≈##.....#.#.. #≈≈≈≈...≈≈≈≈############.#.# ###≈≈...≈≈#...........##..†. ###...###.#########.####'# Turn 1219 on D:3: regen amulet ......... #....# ... >....... #....# .. .....# ##...# .# .....# #####...##.####) .....# ................. .....# ................. .....# .....>........... .....# ................. .O...+ .........@....... ....<# ............".... ###+## ....##########... ... .[. # .. Turn 2419 on D:8: huh . #.# #.## . #.# #.^# . ####.####### ###'# .# #..........# #...# ..#..........### #.#.# #(.............# #...# ###..........#. ###.# #........†.# #.# #........@.# #<# ############ ... ### Turn 3856 on D:10: one bee #.##.#.............#.......... ..#......!.........+...+..._.. >..................#.......... ..........e.$......#####...... #................#....#....... #.........#.....##...#⌠.##'## ###.......#......#...##.#...# #.......####...........#.... #...#....#.@...........# ..# ######.......#.........##### ###.................... #.#..(............#.. ####...............#. #......#..#......# ###...##.......... #..####.......## ##.# ###........ Turn 4242 on D:11: yeah no wonder flat 4d10 can hurt .#####.... ......... .........# #..<... .........# ##...... ....≈....#########....... ...≈≈..... .............. ≈≈≈≈≈≈...# #######......# m≈≈≈≈≈...# ##...#.# ≈≈≈≈≈....# ##.##.# ≈≈≈.(...@# #.##.# ≈≈≈≈≈...<###########.##.# ≈.≈≈≈................##.# ≈.≈≈≈≈....#############.# ....≈.....# #.# ........### #.. .#.....##### ##. ##.... ....### #. ##### #...# #. Turn 4536 on D:12: uhhhhh ###.#..#.....###.## #### c.................####.#. ....................#.... ....#.................... #....>.................#. ......................... ......§§§.........))..... ......§§§.........))<.... ......§§@.........#)..... ............#.....##.##.# .............#.#.#.###### .......#............ ..#...###.#..#.....## ...... $....... ..... ....... .... ..##..# Turn 5114 on Orc:2: nice useless fog ############ ### ###.#..#.....###.## #### c.................####.#. ....................#.... ....#.................... #....>.................#. ......§§§§............... .....§§§§§........))..... ......§§@§........))<.... ......§§§§........#)..... .....§c§.§..#.....##.##.# ..§..........#.#.#.###### ...§...#............ ..#...###.#..#.....## ...... $....... ..... ....... .... ..##..# Turn 5119 on Orc:2: wow this is retarded ############ ### # ###.#..#.....###.## ##### c.................####.#.. ....................#..... ....#..................... #....>.................#.# ......§§§§................ .....§§§§§........)).....# ......§§§@§.......))<..... ......§§§§§.......#).....# .....§.§§§§.#.....##.##.## ..§....c.....#.#.#.###### ...§...#............ ..#...###.#..#.....## ...... $....... ..... ........ .... ..##..# Turn 5120 on Orc:2: oh, so he can still blink out and shoot me because why not ############ ### # ###.#..#.....###.## ##### c.................####.#.. ....................#..... ....#..§§................. #....>.§.§§.....§......#.# ......§§§.§............... .....§§§§§§.......)).....# ......§§§♣).......))<..... ......§§§.........#).....# .....§.§..§.#.....##.##.## ..§..........#.#.#.###### .......#............ ..#...###.#.§#.....## ...... .$....... ..... ......... .... ..##..# Turn 5129 on Orc:2: EVEN WITH HASTE ############ ### # ###.#..#.....###.## ##### c.................####.#.. ....................#..... ....#..................... #....>.................#.# .......................... ..................)).....# .........♣).......))<..... ..................#).....# ............#.....##.##.## .............#.#.#.###### .......#............ ..#...###.#..#.....## ...... .$....... ..... ......... .... ..##..# Turn 5142 on Orc:2: though at least it's a use for !attr ############ ### # ###.#..#.....###.## ##### c.................####.#.. ....................#..... ....#..................... #....>.................#.# .......................... ..................)).....# .........♣).......))<..... ..................#).....# ............#.....##.##.## .............#.#.#.###### .......#............ ..#...###.#..#.....## ...... .$....... ..... ......... .... ..##..# Turn 5143 on Orc:2: not the best use, but still it wastes some of his action

.)##..........................#
..))..................)).....#.#
.)............).......))<.......#
...#..................#).....#.##
.........).)....#.....##.##.####
#.##......)))....#.#.#.######
#.##.....))#)...........
......#...###)#..#.....##
..........##....@.......
#..........#...........#
...^.......##..##..#.###
...###.......... ...## ...
..................
........................
..##...###...##..##.o# .. ..≈≈#
#≈≈.. ... ... #≈≈≈ ... ..


Turn 5539 on Orc:2: boy i love crossbow vault ≈≈## ###≈≈≈≈......#..# ≈≈≈≈##
##≈≈≈≈...........# ..≈≈≈# #≈≈≈..........#..# c..≈≈# #≈≈..........##..#
##...###...##..##..##.†.# .......)).)............## .....)....).)...........#
.................##....## ................@.##.### ................).####
...#.......##....###.## ...........#..........# .....................##
..#..............#.### ..................## .................##
...#.....#...#..## Turn 5698 on Orc:2: i don't get it ≈≈≈≈...........#
##≈≈≈≈......#..# ###≈≈≈≈.....#..# ...............# o ...)).........# ≈#
##≈≈≈≈.....#..# ≈≈## ###≈≈≈≈......#..# ≈≈≈≈## ##≈≈≈≈...........# ..≈≈≈#
#≈≈≈.....@....#..# c..≈≈# #≈≈..........##..# ##...###...##..##..##.†.#
.......)).)............## .....)....).)...........# .................##....##
..................##.### ................).#### ...#.......##....###.## Turn
5706 on Orc:2: sometimes even faster .............................
..##...###...##..##..##.. .. ..≈≈# #≈≈..........##. #≈≈≈..........#. ###
≈≈≈≈.......... ≈≈ ##∩####≈≈≈≈......#. ≈≈≈####...####≈≈≈≈.....#.
........∩................ o.......)@......))........ ≈≈≈≈####...####≈≈≈≈.....#.
.≈≈≈≈####∩####≈≈≈≈......#. ...≈≈≈≈#####≈≈≈≈.......... .....≈≈≈# #≈≈≈..........#.
..c..≈≈# #≈≈..........##. #..##...###...##..##..##.† ..........)).)............
........)....).).......... Turn 5738 on Orc:2: wow it's all shit
.......................... ..##...###...##..##..# . .. ..≈≈# #≈≈.......... ..
#≈≈≈......... ... ### ≈≈≈≈....... ..≈≈ ##∩####≈≈≈≈..... .≈≈≈≈####...####≈≈≈≈....
..........∩............. .g.....@.)∩......))..... .≈≈≈≈####...####≈≈≈≈....
..≈≈≈≈####∩####≈≈≈≈..... ....≈≈≈≈#####≈≈≈≈....... .....≈≈≈# #≈≈≈.........
..c..≈≈# #≈≈.......... #..##...###...##..##..# ..........)).).........
........)....).)....... Turn 5743 on Orc:2: uhh #≈≈≈..........#..# #
≈≈≈≈...........# ####≈≈≈≈......#..# .####≈≈≈≈.....#..# .................#
......)).........# .####≈≈≈≈.....#..# ####≈≈≈≈......#..# ##≈≈≈≈..........@#
#≈≈≈..........#..# #≈≈..........##..# #...##..##..##.÷.# )).)............##
...).)...........# ..........##....## ...........##..## .........).###. Turn
5856 on Orc:2: fuck off

Levels and vault maps discovered:
D:1:      matt_arrival_los_fun, layout_basic
D:2:      layout_loops_ring, serial_co_window_serial, co_window_paths_a,
          co_window_paths_a, co_window_corner_a, co_window_corner_a,
          co_window_paths_a, co_window_broadway_a, co_window_unsneaky_path_a,
          co_window_paths_c, co_window_broadway_c, co_window_broadway_b,
          co_window_2corner, uniq_crazy_yiuf_cottage, uniq_robin, uniq_natasha
D:3:      kennysheep_goblin_castle, layout_basic,
          nicolae_overflow_crystal_walls, nicolae_qazlal_eye_of_the_storm,
          mainiacjoe_overflow_cross_hatched, uniq_ijyb
D:4:      layout_cave_pods, minmay_temple_entry_arrows, serial_park,
          serial_park_square2, serial_park_square2, serial_park_tiny_pond,
          serial_park_tiny_2, minmay_misc_feat_five, uniq_menkaure
D:7:      layout_basic, mainiacjoe_overflow_small_starburst,
          kennysheep_pointless_box
D:8:      layout_gridville, lemuel_doored_altar, lair_entry_dummy
D:9:      layout_rooms, enter_bailey_3, chequers_serial_rivers_large_a,
          kennysheep_path_1, hangedman_feature_mirror
D:10:     layout_roguey, lemuel_crystal_altar, uniq_snorg
D:11:     layout_cave_pools, serial_bayou, serial_bayou_pond_b,
          serial_bayou_shore_b, serial_bayou_ford_a, serial_bayou_shore_a,
          portal_ice_cave_entry_ice_simulacra, evilmike_ruin_ashenzari,
          uniq_fannar
D:12:     hourglass_vault, layout_loops_ring, minmay_orc_entry_temple_small,
          nicolae_splish_splash
D:13:     minmay_spotlight, layout_irregular_city, david_vaults_4, uniq_kirke
Temple:   hc_temple_tempest_star
Orc:1:    layout_caves, gammafunk_ghost_necromancy, serial_shops,
          nicolae_shop_stone, uniq_maurice, uniq_urug
Orc:2:    st_orc_rangers, layout_caves, uniq_nessos, uniq_jorgrun

Skill      XL: |  1  2  3  4  5  6  7  8  9 10 11 12 |
---------------+-------------------------------------+-----
Fighting       | 3 4 5 6 7 8 |  8.5
Axes           | 4 5 6 8 9 11 12 | 12.0
Throwing       | 3 4 5 6 7 |  7.6
Dodging        | 4 5 |  5.3
Shields        | 3 4 5 |  5.0
Invocations    | 4 6 8 9 |  9.0
Armour         | 2 3 |  3.3

Action                   |  1- 3 |  4- 6 |  7- 9 | 10-12 || total
-------------------------+-------+-------+-------+-------++-------
Melee: War axe           |    72 |   108 |   153 |       ||   333
       Punch             |     2 |     2 |     3 |       ||     7
       Broad axe         |       |       |    60 |   452 ||   512
       Scimitar          |       |       |       |     4 ||     4
 Fire: Hunting sling     |       |    39 |    99 |       ||   138
Throw: Javelin           |     1 |     2 |     1 |     9 ||    13
       Throwing net      |       |     7 |     2 |     1 ||    10
       Boomerang         |       |       |     2 |   127 ||   129
       Dart              |       |       |     2 |       ||     2
Invok: Heroism           |       |       |     7 |    21 ||    28
       Finesse           |       |       |       |     4 ||     4
Evoke: Wand              |       |       |     3 |     6 ||     9
  Use: Scroll            |     1 |       |     8 |     7 ||    16
       Potion            |       |       |     3 |     8 ||    11
 Stab: Held in net/web   |       |     3 |       |       ||     3
Armor: Ring mail         |    22 |    33 |       |       ||    55
       Scale mail        |       |    33 |   120 |   176 ||   329
       Skin              |       |       |     5 |     4 ||     9
Dodge: Dodged            |    45 |    76 |   174 |   285 ||   580
       Repelled          |       |       |     3 |     2 ||     5
Block: Buckler           |       |       |    21 |   150 ||   171

Table legend: (Time is in decaauts)
 A = Elapsed time spent in this place.
 B = Non-inter-level travel time spent in this place.
 C = Inter-level travel time spent in this place.
 D = Time resting spent in this place.
 E = Time spent auto-exploring this place.
 F = Levels seen in this place.
 G = Mean time per level.
                   A        B        C        D        E       F      G
               +--------+--------+--------+--------+--------+-----+--------+
         Total |   6147 |   5793 |    354 |    168 |      0 |  15 |  409.8 |
       Dungeon |   4447 |   4160 |    287 |     95 |      0 |  11 |  404.3 |
        Temple |    187 |    135 |     52 |      0 |      0 |   1 |  187.0 |
  Orcish Mines |   1066 |   1051 |     15 |     48 |      0 |   2 |  533.0 |
        Bailey |    444 |    444 |      0 |     24 |      0 |   1 |  444.0 |
               +--------+--------+--------+--------+--------+-----+--------+

Top non-repeatable levels by time:
   Orc:2: 793 daAuts
     D:3: 790 daAuts
    D:10: 538 daAuts
    D:11: 496 daAuts
  Bailey: 444 daAuts
     D:2: 443 daAuts
     D:7: 433 daAuts
    D:12: 384 daAuts
     D:4: 376 daAuts
     D:9: 330 daAuts
     D:1: 300 daAuts
   Orc:1: 273 daAuts
     D:8: 239 daAuts
  Temple: 187 daAuts
    D:13: 113 daAuts
